cohdb
Replays
Latest Replays
All Replays
Popular Replays
Top Player Replays
Match Explorer
How It Works
Community
CoH3 Stats
Reddit
Sign in to upload your games and track your stats! →
Sign in with Steam
Match 42656850
Unlisted
Match 42656850
Overview
Messages
Build Orders
End
Kradschützen Motorcycle Team
Panzergrenadier Squad
250 Light Carrier
Construct Light Support Kompanie
Combat Half-tracks
MG34 Team
Fire Support Elements
Flakvierling Half-track
Selects Italian Infantry
Selects Guastatori Squad
Vehicle Survival Package
Veteran Squad Leaders
Pak 38 Mechanized Group
Guastatori Squad
2.5-tonne Medical Truck
Selects L6/40 Light Tank Combat Group
Selects Towed Cannone da 105/28 Field Howitzer
Construct Panzerarmee Kommand
Selects Defensive Operations
Panzer III L Medium Tank
Emergency Repair Kits
Selects Prepared Positions
Panzer III L Medium Tank
Tungsten Core Ammunition
Selects Propaganda War
Panzer III L Medium Tank
Propaganda War
Armored Reserves
Tiger Heavy Tank
Walking Stuka Rocket Launcher
Panzer III L Medium Tank
Panzerpioneer Squad
Guastatori Squad
Thomsen
EGIPOP
Nick_The_Great
Sarmynation
0
0
Comments
sign in to comment!
No comments posted yet!